 Dungeon Crawl Stone Soup version 0.29.1-4-g47bece8355 (webtiles) character file.

Game seed: 3789055444400080644

24 izaiah the Scratcher (level 2, -3/12 HPs)
             Began as a Felid Transmuter on Dec 4, 2022.
             Slain by a worm (8 damage)
             ... on level 2 of the Dungeon.
             The game lasted 00:06:53 (522 turns).

izaiah the Scratcher (Felid Transmuter)              Turns: 522, Time: 00:06:54

Health: -3/12      AC:  1    Str:  6    XL:     2   Next: 79%
Magic:  6/6        EV: 17    Int: 14    God:
Gold:   78         SH:  0    Dex: 16    Spells: 4/5 levels left
                                        Lives:  0   Deaths: 0

rFire   . . .      SeeInvis +     - Unarmed
rCold   . . .      Faith    .   (shield unavailable)
rNeg    . . .      Spirit   .   (body armour unavailable)
rPois   .          Reflect  .   (helmet unavailable)
rElec   .          Harm     .   (cloak unavailable)
rCorr   +          Rampage  .   (gloves unavailable)
Will    .....                   (boots unavailable)
Stlth   +.........              (no amulet)
HPRegen 0.04/turn               d - ring of resist corrosion
MPRegen 0.10/turn               (no ring)

@: quick
A: very small, claws 1, fangs 3, see invisible, speed 1, shaggy fur 1, stealthy
paws, no weapons or thrown items, no armour, multi-lived
a: no special abilities


You were on level 2 of the Dungeon.
You visited 1 branch of the dungeon, and saw 2 of its levels.

You collected 78 gold pieces.

Inventory:

Armour
 b - a +0 leather armour
 e - a +0 robe
Jewellery
 d - a ring of resist corrosion (left paw)
Scrolls
 f - a scroll of magic mapping
 g - a scroll of noise
Potions
 a - a potion of lignification


   Skills:
 + Level 1.0 Fighting
 + Level 2.9 Dodging
 + Level 3.5 Unarmed Combat
 + Level 2.3 Spellcasting
 + Level 2.5 Transmutations


You had 4 spell levels left.
You knew the following spells:

 Your Spells              Type           Power      Damage    Failure   Level
a - Beastly Appendage     Tmut           16%        N/A       9%          1

Your spell library contained the following spells:

 Spells                   Type           Power      Damage    Failure   Level
 Wereblood                Tmut           8%         N/A       12%         2
 Spider Form              Tmut/Pois      5%         N/A       38%         3
 Ice Form                 Ice/Tmut       5%         N/A       80%         4


Dungeon Overview and Level Annotations

Branches:
Dungeon (2/15)

Altars:

Portals:
Abyss: D:1***


Innate Abilities, Weirdness & Mutations

You have sharp claws.
You have razor-sharp teeth.
You have supernaturally acute eyesight. (SInv)
You cover ground quickly. (Speed+)
You are covered in fur. (AC +1)
Your paws help you pounce on unaware monsters.
You are incapable of wielding weapons or throwing items.
You cannot wear armour.
You gain extra lives every three experience levels.


Message History

The hobgoblin shouts!
A giant cockroach comes into view.
Found a stone staircase leading down.
Casting: Beastly Appendage (safe; 9% risk of failure)
Press: ? - help, Q - select action Dir - look around, f - activate You grow a pair of large bovine horns.
The hobgoblin misses you.
You barely miss the hobgoblin. You claw the hobgoblin.
The hobgoblin is almost dead.
The giant cockroach misses you. The hobgoblin hits you.
A worm comes into view.
You scratch the hobgoblin but do no damage.
You claw the hobgoblin.
You kill the hobgoblin!
The giant cockroach barely misses you.
You barely miss the giant cockroach.
You headbutt the giant cockroach, but do no damage.
Your transformation is almost over.
The giant cockroach bites you.
The giant cockroach bites you but does no damage.
You scratch the giant cockroach. You headbutt the giant cockroach.
You kill the giant cockroach!
You barely miss the worm. You bite the worm.
The worm is lightly wounded.
You scratch the worm.
The worm is moderately wounded.
The worm completely misses you.
You scratch the worm but do no damage. Your headbutt misses the worm.
The worm is moderately wounded.
You scratch the worm.
The worm is severely wounded.
The worm misses you.
You barely miss the worm.
The worm is heavily wounded.
You barely miss the worm. You headbutt the worm.
The worm is almost dead.
Your horns disappear.
The worm bites you!
Ouch! That really hurt!
You die...

## ###########
.##########.........####
........................
.##########....†....#
.........##.....@w..#
....................>...
.........###########.###
.#######.# # .# .# #....
.# ###.#.# .. ...#.# .#
#..#.#


You could see a worm.

Vanquished Creatures
  An adder (D:2)
  2 endoplasms
  A giant cockroach (D:2)
  3 hobgoblins (D:2)
  A quokka (D:2)
  A ball python (D:1)
  A bat (D:1)
  2 goblins
  A kobold (D:2)
  2 rats
15 creatures vanquished.

Notes
Turn   | Place    | Note
-------+----------+-------------------------------------------
     0 | D:1      | izaiah the Felid Transmuter began the quest for the Orb.
     0 | D:1      | Reached XP level 1. HP: 9/9 MP: 4/4
   215 | D:2      | Reached XP level 2. HP: 11/12 MP: 4/6
   522 | D:2      | Slain by a worm

Illustrated notes

Levels and vault maps discovered:
D:1:      minmay_arrival_glassed_features, layout_basic,
          hellmonk_ecumenical_altar_blasted
D:2:      layout_basic, hex_intersection, minmay_fountain_box,
          grunt_ministairs_5, corexii_corridor_pit, minmay_bisected

Action                   || total
-------------------------++-------
Melee: Unarmed           ||    37
       Headbutt          ||    11
       Punch             ||     3
       Bite              ||     3
 Cast: Beastly Appendage ||    12
  Use: Scroll            ||     3
       Potion            ||     2
 Stab: Sleeping          ||     1
Armor: Skin              ||     2
Dodge: Dodged            ||    14
